 Dungeon Crawl Stone Soup version 0.27-a0-1006-g1fd4cec11e (webtiles) character file.

Game seed: 16865722756270162492

2125 siradein the Cleaver (level 9, -1/70 HPs)
             Began as a Hill Orc Fighter on Apr 17, 2021.
             Was a Follower of Beogh.
             Slain by Erica
             ... wielding a +3 scimitar of flaming
              (3 damage)
             ... on level 8 of the Dungeon.
             The game lasted 00:08:18 (6926 turns).

siradein the Cleaver (Hill Orc Fighter)             Turns: 6926, Time: 00:08:19

Health: -1/70      AC: 12    Str: 22    XL:     9   Next: 29%
Magic:  13/13      EV:  7    Int:  8    God:    Beogh [*.....]
Gold:   287        SH: 10    Dex: 16    Spells: 8/8 levels left

rFire    . . .     SeeInvis .   r - +3 war axe
rCold    + . .     Faith    .   c - +0 kite shield
rNeg     . . .     Spirit   .   b - +0 scale mail
rPois    +         Reflect  .   (no helmet)
rElec    .         Harm     .   w - +1 cloak {rPois}
rCorr    .         Rampage  .   k - +1 pair of gloves
Will     .....                  B - +0 pair of boots
Stlth    ..........             n - amulet of magic regeneration
HPRegen  0.21/turn              e - +6 ring of dexterity
MPRegen  0.38/turn              E - ring of protection from cold

@: lethally poisoned (-1 -> -4)
A: no striking features
a: Renounce Religion


You were on level 8 of the Dungeon.
You worshipped Beogh.
Beogh was aware of your devotion.
You visited 1 branch of the dungeon, and saw 8 of its levels.

You collected 287 gold pieces.

Inventory:

Hand Weapons
 r - a +3 war axe (weapon)
Missiles
 h - 3 javelins (quivered)
 C - 14 boomerangs of dispersal
 G - 30 poisoned darts
Armour
 b - a +0 scale mail (worn)
 c - a +0 kite shield (worn)
 k - a +1 pair of gloves (worn)
 w - a +1 cloak of poison resistance (worn)
 B - a +0 pair of boots (worn)
Jewellery
 e - a +6 ring of dexterity (left hand)
 n - an amulet of magic regeneration (around neck)
 E - a ring of protection from cold (right hand)
Wands
 u - a wand of flame (24)
 z - a wand of iceblast (21)
Scrolls
 i - a scroll of magic mapping {unknown}
 l - a scroll of summoning {unknown}
 m - 2 scrolls of fog {unknown}
 o - a scroll of blinking {unknown}
 q - 2 scrolls of enchant armour {unknown}
 s - 4 scrolls of teleportation {unknown}
 v - a scroll of holy word {unknown}
 x - a scroll of fear {unknown}
 y - a scroll of brand weapon {unknown}
 A - 2 scrolls of identify
Potions
 a - 3 potions of curing {unknown}
 d - a potion of might
 f - 6 potions of heal wounds
 g - 3 potions of haste
 j - 2 potions of lignification
 p - 3 potions of degeneration {unknown}
 t - 3 potions of attraction {unknown}
 D - a potion of flight {unknown}
 F - a potion of cancellation {unknown}


   Skills:
 - Level 3.6 Fighting
 + Level 13.9 Axes
 - Level 3.2 Armour
 - Level 3.2 Shields
 + Level 6.0 Invocations


You had 8 spell levels left.
You didn't know any spells.
Your spell library contained the following spells:

 Spells                   Type           Power      Damage    Failure   Level
 Corona                   Hex            0%         N/A       99%         1
 Dazzling Flash           Conj/Hex       0%         N/A       100%        3
 Inner Flame              Hex/Fire       0%         N/A       100%        3
 Mephitic Cloud           Conj/Pois/Air  0%         N/A       100%        3
 Summon Guardian Golem    Hex/Summ       0%         N/A       100%        3
 Leda's Liquefaction      Hex/Erth       0%         N/A       100%        4
 Lee's Rapid Deconstruct  Erth           0%         3d5*      100%        5
 Silence                  Hex/Air        0%         N/A       100%        5
 Iron Shot                Conj/Erth      0%         9d1       100%        6


Dungeon Overview and Level Annotations

Branches:
Dungeon (8/15)             Temple (0/1) D:7
   Lair: D:8-11

Altars:
Elyvilon
Makhleb
Okawaru
Trog
Vehumet
Wu Jian

Shops:
D:4 !

Annotations:
D:3 exclusion: statue
D:8 Erica


Message History

Erica is heavily wounded.
You block Erica's attack.
You slash Erica!
Erica is heavily wounded.
Erica hits you with a +3 scimitar of flaming!
Erica burns you.
You hit Erica.
Erica is heavily wounded.
Erica casts a spell at you. The bolt of poison hits you.
You are poisoned.
You resist.
You closely miss Erica.
Erica is heavily wounded.
You feel very sick.
Erica hits you with a +3 scimitar of flaming!
Erica burns you.
You are too injured to fight recklessly!
You are too injured to fight recklessly!
You closely miss Erica.
Erica is heavily wounded.
You feel very sick. You block Erica's attack.
You hit Erica.
Erica is severely wounded.
You feel very sick. You block Erica's attack.
You slash Erica!
Erica is severely wounded.
You feel sick.
Erica zaps a wand.
You resist with some effort.
You barely miss Erica.
Erica is severely wounded.
You feel sick. Erica closely misses you.
You slash Erica!
Erica is almost dead.
You feel sick.
Erica hits you with a +3 scimitar of flaming!
* * * LOW HITPOINT WARNING * * *
Erica burns you.
You die...

... #... ####
#..(#####...#.
##...#........#
...............
...............
[.......@......
# #...#.@......#
#.#...#.###...##
##.#...#.# ##
#......#.#
#..#...#.#
###........# #.
.........### ..#
###.#.##.# #.#
#.......#####
#.#


You could see Erica.

Vanquished Creatures
  Sigmund (D:6)
  A steam dragon (D:6)
  A water moccasin (D:7)
  An ice beast (D:6)
  2 black bears
  3 ogres
  A centaur (D:6)
  A kobold brigand (D:6)
  2 bullfrogs
  2 scorpions
  4 wights (D:7)
  2 hounds
  2 orc priests (D:6)
  Crazy Yiuf (D:5)
  A jelly (D:6)
  Jessica (D:2)
  2 iguanas
  7 orc wizards
  2 hound skeletons (D:4)
  3 gnolls (D:6)
  2 howler monkey zombies (D:7)
  5 adders
  A shadow imp (D:7)
  2 ufetubi
  2 worms
  5 dart slugs
  19 orcs
  5 endoplasms
  4 giant cockroaches
  9 goblins
  2 hobgoblins (D:2)
  16 jackals
  5 ball pythons
  4 bats
  5 frilled lizards
  9 kobolds
  6 rats
141 creatures vanquished.

Notes
Turn   | Place    | Note
-------+----------+-------------------------------------------
     0 | D:1      | siradein the Hill Orc Fighter began the quest for the Orb.
     0 | D:1      | Reached XP level 1. HP: 19/19 MP: 1/1
    77 | D:1      | Reached skill level 3 in Axes
   134 | D:1      | Reached XP level 2. HP: 17/26 MP: 2/2
   357 | D:1      | Reached skill level 4 in Axes
   931 | D:2      | Noticed Jessica
   938 | D:2      | Killed Jessica
   939 | D:2      | Reached skill level 5 in Axes
   939 | D:2      | Reached XP level 3. HP: 31/31 MP: 3/3
  1157 | D:2      | Reached XP level 4. HP: 38/39 MP: 4/4
  1606 | D:2      | Found an ornate altar of the Wu Jian Council.
  1628 | D:2      | Reached skill level 6 in Axes
  2625 | D:3      | Reached XP level 5. HP: 44/45 MP: 5/5
  2765 | D:3      | Found a radiant altar of Vehumet.
  2765 | D:3      | Noticed a charred statue
  2920 | D:3      | Reached skill level 7 in Axes
  3019 | D:3      | Identified the Papyrus of Cankerous Earth
  3090 | D:3      | Noticed an ogre
  3109 | D:3      | Killed an ogre
  3304 | D:3      | Found a burning altar of Makhleb.
  3403 | D:4      | Reached skill level 8 in Axes
  3406 | D:4      | Reached XP level 6. HP: 51/51 MP: 6/6
  3649 | D:4      | Found an iron altar of Okawaru.
  3799 | D:4      | Found Evetweit's Distillery.
  3843 | D:5      | Entered Level 5 of the Dungeon
  3966 | D:5      | Reached skill level 9 in Axes
  3985 | D:5      | Reached XP level 7. HP: 52/57 MP: 7/7
  4190 | D:5      | Reached skill level 10 in Axes
  4354 | D:5      | Identified the Incunabulum of Beguiling
  4568 | D:5      | Found a runed translucent door.
  4569 | D:5      | Noticed Crazy Yiuf
  4581 | D:5      | Killed Crazy Yiuf
  4670 | D:6      | Reached skill level 11 in Axes
  4684 | D:6      | Reached XP level 8. HP: 46/64 MP: 8/8
  4838 | D:6      | Reached skill level 12 in Axes
  4878 | D:6      | Identified the +10 short sword "Peluicru" {pain, *Noise
                  | rElec Int+2}
  4889 | D:6      | Found a white marble altar of Elyvilon.
  4905 | D:6      | Became a worshipper of Beogh the Brigand
  5334 | D:6      | Reached skill level 1 in Invocations
  5503 | D:6      | Noticed Sigmund
  5514 | D:6      | Killed Sigmund
  5515 | D:6      | Reached skill level 13 in Axes
  5854 | D:7      | Reached XP level 9. HP: 66/70 MP: 12/12
  5947 | D:7      | Found a staircase to the Ecumenical Temple.
  5967 | D:7      | Reached skill level 5 in Invocations
  6523 | D:7      | Reached * piety under Beogh
  6559 | D:7      | Found a bloodstained altar of Trog.
  6913 | D:8      | Noticed Erica
  6926 | D:8      | HP: 2/70 [Erica/+3 scimitar of flaming (16)]
  6926 | D:8      | Slain by Erica

Illustrated notes

Levels and vault maps discovered:
D:1:      scummos_arrival_star, layout_loops_ring, hex_medium,
          grunt_decor_junction, kennysheep_pointless_box
D:2:      layout_basic, basic_altar, minmay_tromino_v2, uniq_jessica
D:3:      layout_basic, bloody_makhleb, vehumet_statue
D:4:      layout_gridville, okawaru_metal_pillars_1_2, serial_shops, shop
D:5:      layout_basic, uniq_crazy_yiuf_cottage
D:6:      layout_rooms, elyvilon_altar_4, minmay_unpleasant_kobolds,
          uniq_sigmund
D:7:      layout_basic, trog_book, minmay_temple_entry_glass
D:8:      layout_loops_cross, lemuel_crystal_altar, uniq_pikel, uniq_erica,
          uniq_psyche

Skill      XL: |  1  2  3  4  5  6  7  8  9 |
---------------+----------------------------+-----
Axes           | 3 5 6 8 9 11 13 | 13.9
Invocations    | 4 6 |  6.0
Fighting       | |  3.6
Armour         | |  3.2
Shields        | |  3.2

Action                   |  1- 3 |  4- 6 |  7- 9 || total
-------------------------+-------+-------+-------++-------
Melee: War axe           |    67 |   182 |   187 ||   436
Invok: Convert to Beogh  |       |       |     1 ||     1
  Use: Scroll            |       |     3 |       ||     3
 Stab: Invisible         |       |       |     3 ||     3
Armor: Scale mail        |    33 |    59 |    71 ||   163
Dodge: Dodged            |    23 |    52 |    40 ||   115
Block: Kite shield       |    34 |    95 |    68 ||   197

Table legend: (Time is in decaauts)
 A = Elapsed time spent in this place.
 B = Non-inter-level travel time spent in this place.
 C = Inter-level travel time spent in this place.
 D = Time resting spent in this place.
 E = Time spent auto-exploring this place.
 F = Levels seen in this place.
 G = Mean time per level.
                   A        B        C        D        E       F      G
               +--------+--------+--------+--------+--------+-----+--------+
         Total |   7051 |   6939 |    112 |      0 |   5910 |   8 |  881.4 |
       Dungeon |   7051 |   6939 |    112 |      0 |   5910 |   8 |  881.4 |
               +--------+--------+--------+--------+--------+-----+--------+

Top non-repeatable levels by time:
     D:2: 1525 daAuts
     D:6: 1202 daAuts
     D:3: 1057 daAuts
     D:7: 1039 daAuts
     D:1: 907 daAuts
     D:5: 816 daAuts
     D:4: 453 daAuts
     D:8: 48 daAuts
